 Dungeon Crawl Stone Soup version 0.30.1 (webtiles) character file.

Game seed: 9722581766735136682

239 Destapler the Magician (level 5, -8/30 HPs)
             Began as a Deep Elf Air Elementalist on July 8, 2023.
             Was an Initiate of Gozag.
             Mangled by an ogre
             ... wielding a +0 giant club
              (20 damage)
             ... on level 3 of the Dungeon.
             The game lasted 00:12:59 (3313 turns).

Destapler the Magician (Deep Elf Air Elementalist)  Turns: 3313, Time: 00:12:59

Health: -8/30      AC:  8    Str:  5    XL:     5   Next: 79%
Magic:  12/12      EV: 12    Int: 22    God:    Gozag
Gold:   463        SH:  0    Dex: 15    Spells: 10/11 levels left

rFire   . . .        a - +0 dagger
rCold   + . .        (no shield)
rNeg    . . .        l - +2 leather armour {rC+}
rPois   .            (no helmet)
rElec   .            q - +2 cloak {Stlth+}
rCorr   .            (no gloves)
SInv    .            (no boots)
Will    .....        (no amulet)
Stlth   +++          (no ring)
HPRegen 0.25/turn    (no ring)
MPRegen 0.13/turn

%: no passive effects
@: no status effects
A: no striking features
a: Renounce Religion, Potion Petition, Call Merchant, Bribe Branch


You were on level 3 of the Dungeon.
You worshipped Gozag.
Gozag was aware of your devotion.
You visited 1 branch of the dungeon, and saw 3 of its levels.

You collected 463 gold pieces.

Inventory:

Hand Weapons
 a - a +0 dagger (weapon)
Armour
 h - a +0 robe
 l - a +2 leather armour of cold resistance (worn)
 q - a +2 cloak of stealth (worn)
Wands
 m - a wand of digging (3)
Scrolls
 d - a scroll of teleportation {unknown}
 g - a scroll of magic mapping {unknown}
 r - a scroll of enchant weapon {unknown}
Potions
 b - a potion of magic
 c - a potion of heal wounds
 e - a potion of curing
 i - a potion of cancellation
 k - a potion of might
 o - a potion of haste
 p - a potion of flight {unknown}
 s - a potion of lignification {unknown}


   Skills:
 - Level 2.0 Fighting
 * Level 2.2 Short Blades
 - Level 1.0 Armour
 - Level 3.0 Dodging
 - Level 3.0 Stealth
 + Level 3.6 Spellcasting
 + Level 3.5 Conjurations
 + Level 0.3 Translocations
 - Level 3.0 Air Magic


You had 10 spell levels left.
You knew the following spells:

 Your Spells              Type           Power      Damage    Failure   Level
a - Shock                 Conj/Air       72%        1d7       4%          1

Your spell library contained the following spells:

 Spells                   Type           Power      Damage    Failure   Level
 Static Discharge         Conj/Air       36%        2-4/arc   8%          2
 Swiftness                Air            17%        N/A       17%         3
 Hailstorm                Conj/Ice       11%        3d5       26%         3
 Vhi's Electric Charge    Tloc/Air       22%        N/A       28%         3
 Airstrike                Air            8%         2d(2-18)  50%         4
 Arcjolt                  Conj/Air       9%         1d19      80%         5
 Ice Form                 Ice/Tmut       4%         N/A       88%         4
 Maxwell's Capacitive Co  Air            8%         ∞         100%        8
 Simulacrum               Ice/Necr       Unusable   N/A       N/A         6

Dungeon Overview and Level Annotations

Branches:
Dungeon (3/15)

Altars:
Gozag


Message History

You kill the orc!
Unknown command.
You now have 408 gold pieces (gained 6).
You see here a +0 flail.
You now have 415 gold pieces (gained 7).
Things that are here:
a +0 whip; a +0 ring mail You now have 429 gold pieces (gained 14).
Items here: )) [[.
You now have 444 gold pieces (gained 15).
Things that are here:
a +0 dagger; a +0 leather armour; a +0 whip A rat comes into view.
The zap hits the rat.
The rat is heavily wounded.
The zap misses the rat.
The zap hits the rat.
You kill the rat!
You now have 450 gold pieces (gained 6).
You now have 458 gold pieces (gained 8).
A rat comes into view.
A rat is nearby!
The helpless rat fails to defend itself.
You impale the rat!!
You kill the rat!
Found an escape hatch in the ceiling.
You now have 463 gold pieces (gained 5).
An ogre comes into view. It is wielding a +0 giant club.
The helpless ogre fails to defend itself.
You puncture the ogre!
The ogre is heavily wounded.
The ogre hits you with a +0 giant club!!
Ouch! That really hurt!
* * * LOW HITPOINT WARNING * * *
You hit the ogre.
The ogre is severely wounded.
The ogre hits you with a +0 giant club!!
Ouch! That really hurt!
You die...
Your body crumbles into a pile of gold.

.#######.# .# #.# .# #.#
.# #.# ############ .#
#.# #.......... .# #.#
#.##.....# .# #.#
#.##.....#
.#######.###.##.....#.##
................@...'...
.#######.....##..O..####
..........#####.....#
..........# #.....#
.........<# #.....#
########### #.....#
#.....# #.....# ######
...


You could see an ogre.

Vanquished Creatures
  A black bear (D:2)
  Jessica (D:2)
  An orc wizard (D:3)
  A gnoll (D:1)
  3 worms
  A dart slug (D:3)
  10 orcs
  3 endoplasms
  3 giant cockroaches
  6 goblins
  4 hobgoblins
  2 jackals (D:1)
  3 quokkas
  3 ball pythons
  5 bats
  6 frilled lizards
  11 kobolds
  5 rats
69 creatures vanquished.

Notes
Turn   | Place    | Note
-------+----------+-------------------------------------------
     0 | D:1      | Destapler the Deep Elf Air Elementalist began the quest for
                  | the Orb.
     0 | D:1      | Reached XP level 1. HP: 10/10 MP: 6/6
   311 | D:1      | Reached skill level 1 in Fighting
   311 | D:1      | Reached XP level 2. HP: 16/16 MP: 2/8
   451 | D:1      | Found a faded altar of an unknown god.
   460 | D:1      | Prayed at the altar of an unknown god.
   460 | D:1      | Became a worshipper of Gozag Ym Sagoz the Greedy
  1003 | D:1      | Reached XP level 3. HP: 21/21 MP: 2/9
  2131 | D:2      | Noticed Jessica
  2138 | D:2      | Killed Jessica
  2139 | D:2      | Reached XP level 4. HP: 11/26 MP: 5/10
  2203 | D:2      | Noticed a black bear
  2238 | D:2      | Killed a black bear
  2239 | D:2      | Reached skill level 1 in Short Blades
  2239 | D:2      | Reached XP level 5. HP: 14/30 MP: 2/12
  3182 | D:3      | Reached skill level 1 in Armour
  3305 | D:3      | Noticed an ogre
  3313 | D:3      | Mangled by an ogre

Illustrated notes

Levels and vault maps discovered:
D:1:      lemuel_arrival_behind_the_door_large, layout_loops_cross,
          chequers_ecumenical_altar_simple_redux
D:2:      wad_woods_pond, layout_loops_ring, uniq_jessica
D:3:      layout_basic

Skill      XL: |  1  2  3  4  5 |
---------------+----------------+-----
Fighting       | 1 2 |  2.0
Conjurations   | 2 3 |  3.5
Short Blades   | 1 2 |  2.2
Stealth        | 3 |  3.0
Dodging        | 3 |  3.0
Armour         | 1 |  1.0
Spellcasting   | |  3.6
Translocations | |  0.3
Air Magic      | |  3.0

Action                     |  1- 3 |  4- 6 || total
---------------------------+-------+-------++-------
  Melee: Dagger            |    29 |    17 ||    46
   Cast: Shock             |    97 |    48 ||   145
    Use: Scroll            |     1 |     5 ||     6
         Potion            |     1 |       ||     1
   Stab: Sleeping          |     4 |     3 ||     7
 Armour: Robe              |    10 |     5 ||    15
  Dodge: Dodged            |    25 |    19 ||    44
